[Event "*** SCC Grand Prix: Titled Tuesday Blitz"]
[Site "Chess.com"]
[Date "2020.08.04"]
[Round "8"]
[White "Iskusnyh"]
[Black "Donskov_AN"]
[Result "0-1"]
[WhiteElo "2560"]
[BlackElo "2491"]
[TimeControl "180+1"]
[EndTime "15:17:59 PDT"]
[Termination "Donskov_AN won by resignation"]

1. d4 Nf6 2. c4 e6 3. g3 c5 4. Nf3 cxd4 5. Nxd4 Qc7 6. Bg2 Qxc4 7. O-O a6 8. Nc3 Qc7 9. Bg5 Be7 10. Rc1 Nc6 11. e4 O-O 12. h3 Qa5 13. Be3 Nxd4 14. Bxd4 d6 15. Bxf6 gxf6 16. Kh2 Bd7 17. f4 Rac8 18. f5 Qe5 19. Rf4 Kh8 20. Qh5 Rg8 21. Qxf7 Rg7 22.
Qh5 Rcg8 23. Rg4 exf5 24. exf5 Bxf5 25. Rxg7 Rxg7 26. Qf3 Bd7 27. Qf2 Bc6 28. Re1 Qg5 29. Ne4 Bxe4 30. Rxe4 d5 31. Rg4 Qe5 32. Rxg7 Kxg7 33.
Qb6 Bd6 34. Qf2 b5 35. Bf1 h5 36. h4 Qe4 37. Kg1 Be5 38. Bg2 Qb1+ 39. Kh2 Qxa2 40. Qf3 Qxb2 41. Qxd5 Qc3 42. Bf3 Qd4 43. Qd7+ Kh6 44.
Qxd4 Bxd4 45. Bb7 a5 46. Bc6 b4 47. Ba4 Kg6 48. Kg2 Kf5 49. Bd1 Ke4 50. Bxh5 b3 51. Bf7 a4 52. h5 f5 53. Bg6 a3 54. g4 a2 55. Bxf5+ Kf4 0-1

[Event "*** SCC Grand Prix: Titled Tuesday Blitz"]
[Site "Chess.com"]
[Date "2020.08.04"]
[Round "8"]
[White "VincentKeymer"]
[Black "12teen"]
[Result "1-0"]
[WhiteElo "2874"]
[BlackElo "2674"]
[TimeControl "180+1"]
[EndTime "15:18:00 PDT"]
[Termination "VincentKeymer won by resignation"]

1. Nf3 d5 2. e3 Nf6 3. c4 e6 4. Nc3 b6 5. cxd5 exd5 6. g3 Bb7 7. Bg2 Nbd7 8. O-O c5 9. d4 Rc8 10. b3 cxd4 11. Qxd4 Bc5 12. Qd3 O-O 13. Bb2 Qe7 14. Nd4 Ne5 15. Qd2 Ba6 16. Rfd1 Rfd8 17. Ncb5 Ne4 18.
Qe2 Qd7 19. a4 Bb4 20. Bxe4 dxe4 21. Nc2 Nf3+ 22. Qxf3 exf3 23. Rxd7 Rxd7 24. Nxb4 Bb7 25. Nd4 a5 26. Nd3 f6 27. h3 h5 28. g4 hxg4 29. hxg4 Bd5 30. Ne1 Kf7 31. Kh2 Rh8+ 32. Kg3 Rh1 33.
Nexf3 Rxa1 34. Bxa1 Rc7 35. Bb2 g5 36. Ne1 Rc8 37.
f3 Rh8 38. e4 Be6 39. Kg2 Rd8 40. Nec2 Rc8 41. Na3 Bd7 42. Kf2 Rh8 43. Kg2 Rc8 44. Nc4 Rb8 45. Kf2 Kg6 46. Ke3 b5 47. axb5 Bxb5 48. Nxa5 Ba6 49. Ndc6 Rh8 50. Ne7+ Kf7 51. Nd5 Rh2 52. Bxf6 Ra2 53. Nc4 Ke6 54. Bxg5 Ra1 55. Nc7+ Kd7 56. Nxa6 Kc6 1-0

[Event "*** SCC Grand Prix: Titled Tuesday Blitz"]
[Site "Chess.com"]
[Date "2020.08.04"]
[Round "8"]
[White "ChessArchitect64"]
[Black "Yoshikrov"]
[Result "0-1"]
[WhiteElo "1885"]
[BlackElo "2134"]
[TimeControl "180+1"]
[EndTime "15:18:02 PDT"]
[Termination "Yoshikrov won by resignation"]

1. e4 c5 2. Nf3 d6 3. Bb5+ Bd7 4.
Bxd7+ Qxd7 5. O-O Nc6 6. c3 Nf6 7. Re1 e6 8. d4 cxd4 9. cxd4 Be7 10. Nc3 O-O 11. h3 a6 12. Be3 b5 13. e5 dxe5 14. dxe5 Nd5 15. Nxd5 exd5 16. Bd4 Rac8 17. Qe2 Nd8 18.
Rad1 Ne6 19. Be3 Rfd8 20. Nd4 Bb4 21. Rf1 Bc5 22. f4 Nxd4 23. Bxd4 Bxd4+ 24. Rxd4 Rc4 25. Rd3 Qc6 26. f5 Re4 27. Re3 Qc5 28. Re1 Rxe5 29. Kh1 Qxe3 30. Qxe3 Rxe3 31. Rxe3 Kf8 32. Kg1 f6 33.
Kf2 Rd6 34. Ke2 Kf7 35. Kd3 g6 36. fxg6+ hxg6 37. Kd4 Rd8 38. Re2 g5 39. Kc5 d4 40.
Kb6 d3 41. Rd2 Rd6+ 42. Kc5 Rd8 43. Kb6 Rd6+ 44. Kc5 Ke6 45. g4 Ke5 46. b3 Rd5+ 47. Kb6 Ke4 48. Kxa6 Ke3 49. Rd1 Ke2 50. Rh1 d2 51. a4 bxa4 52. bxa4 d1=Q 53. Rxd1 Kxd1 54. a5 Ke2 55. Kb6 Kf3 56. a6 Rd8 57. a7 Kg3 58.
Kb7 Rh8 59. a8=Q Rxa8 60. Kxa8 Kxh3 0-1

[Event "*** SCC Grand Prix: Titled Tuesday Blitz"]
[Site "Chess.com"]
[Date "2020.08.04"]
[Round "8"]
[White "Fighter008"]
[Black "praveenb2002"]
[Result "1-0"]
[WhiteElo "2641"]
[BlackElo "2774"]
[TimeControl "180+1"]
[EndTime "15:18:03 PDT"]
[Termination "Fighter008 won on time"]

1. e4 c5 2. Nf3 d6 3. d4 cxd4 4. Nxd4 Nf6 5. Nc3 Nc6 6. f3 e5 7.
Nb3 Be6 8. Be3 Be7 9. Nd5 Bxd5 10. exd5 Nb4 11. c4 a5 12. Qd2 O-O 13. Be2 b6 14.
O-O Na6 15. Rae1 Nd7 16. f4 Qc7 17. Nc1 Nac5 18. b3 f5 19. Kh1 Ne4 20. Qc2 b5 21.
fxe5 dxe5 22. Rxf5 Rxf5 23. Qxe4 Raf8 24. Nd3 bxc4 25. bxc4 Nc5 26. Bxc5 Bxc5 27. Bf3 Bd4 28. c5 Rf4 29. Nxf4 Rxf4 30. Qb1 Qxc5 31. Rc1 Qb4 32. Qd3 Rf8 33. a3 Qd6 34. Rc6 Qb8 35. d6 Qb2 36. d7 Qa1+ 37. Bd1 Qxa3 38. Qc4+ Kh8 39. Rc8 Qe7 40. Bf3 h6 41. Qe6 1-0

[Event "*** SCC Grand Prix: Titled Tuesday Blitz"]
[Site "Chess.com"]
[Date "2020.08.04"]
[Round "8"]
[White "chenxiaoyuer"]
[Black "Keithonsky"]
[Result "1-0"]
[WhiteElo "2464"]
[BlackElo "2555"]
[TimeControl "180+1"]
[EndTime "15:18:04 PDT"]
[Termination "chenxiaoyuer won by resignation"]

1. e4 e6 2. d4 d5 3. Nd2 c5 4.
Ngf3 cxd4 5. Nxd4 Nc6 6. Bb5 Qb6 7. exd5 exd5 8. N2b3 Bd7 9. O-O Be7 10. Re1 Nf6 11. Be3 Qd8 12. Nxc6 bxc6 13. Bc5 Ne4 14. Bxe7 Qxe7 15. Bd3 O-O 16. f3 f5 17. fxe4 fxe4 18. Bf1 a5 19. Qd4 a4 20. Nc5 Be8 21. b3 a3 22. Be2 Bf7 23. Rf1 Kh8 24. Rf4 Rfb8 25. Raf1 Bg8 26. c3 Ra5 27. b4 Raa8 28. Rf5 Re8 29. Rh5 Rad8 30. Rf4 Rf8 31. Rg4 Rf6 32.
Rhg5 Rf7 33. h3 Rd6 34. Re5 Qf6 35. Re8 h6 36. Qxf6 Rdxf6 37. Rg3 Kh7 38. Bh5 Ra7 39. Bg6+ Rxg6 40. Rxg6 Kxg6 41. Rxg8 Kf6 42. Re8 Kf5 43. Kf2 Kf4 44. g3+ Kg5 45. Rf8 h5 46. Ke3 h4 47.
g4 g6 48. Ne6+ Kh6 49. Rh8+ Rh7 50. g5+ 1-0

[Event "*** SCC Grand Prix: Titled Tuesday Blitz"]
[Site "Chess.com"]
[Date "2020.08.04"]
[Round "8"]
[White "ChronicUnhappiness"]
[Black "Vadim_Biliy"]
[Result "0-1"]
[WhiteElo "2356"]
[BlackElo "2247"]
[TimeControl "180+1"]
[EndTime "15:18:04 PDT"]
[Termination "Vadim_Biliy won on time"]

1. d4 d5 2. c4 e6 3. Nc3 Nf6 4. Bg5 Be7 5. e3 O-O 6. Nf3 Ne4 7. Bxe7 Qxe7 8. cxd5 Nxc3 9. bxc3 exd5 10. c4 dxc4 11.
Bxc4 Qb4+ 12. Nd2 Nd7 13. O-O Nf6 14. Qc2 a6 15. a4 Qd6 16. h3 c5 17. dxc5 Qe5 18.
Nf3 Qh5 19. Be2 Bf5 20. Qc4 Be6 21. Qb4 Nd5 22. Qh4 Qxh4 23. Nxh4 Nc3 24. Bf3 g5 25.
Rfc1 Na2 26. Rc2 Nb4 27. Rb2 Nd3 28. Rd2 Nxc5 29. Rc2 Rac8 30. Rac1 Nb3 31. Rxc8 Rxc8 32. Rd1 gxh4 33. Bxb7 Rc4 34. Bxa6 Rxa4 35. Rd8+ Kg7 36. Bd3 Ra1+ 37. Kh2 Ra2 38. f3 Nc5 39. Bb5 Nb7 40.
Rd1 Rb2 41. Bf1 Rb6 42. Rd4 Nd6 43. Rxh4 Nf5 44. Rg4+ Kf6 45. Rf4 Ke7 46. e4 Ne3 47.
Bd3 Rb2 0-1

[Event "*** SCC Grand Prix: Titled Tuesday Blitz"]
[Site "Chess.com"]
[Date "2020.08.04"]
[Round "8"]
[White "ferdipy"]
[Black "shnitez"]
[Result "0-1"]
[WhiteElo "2324"]
[BlackElo "2473"]
[TimeControl "180+1"]
[EndTime "15:18:05 PDT"]
[Termination "shnitez won by resignation"]

1. e4 c5 2. d4 cxd4 3. c3 dxc3 4. Nxc3 Nc6 5. Bc4 e6 6. Nf3 a6 7.
Bf4 b5 8. Bb3 Na5 9. Bc2 Ne7 10.
b3 Ng6 11. Bd2 Bb7 12. O-O Rc8 13. Rc1 Ba3 14. Rb1 O-O 15. Bg5 f6 16. Bd2 Nc6 17.
Ne2 Qe7 18. Ned4 Nb4 19. Be3 Nxa2 20. Ra1 Nc3 21. Qd3 Bxe4 22. Qd2 d5 23. Nxe6 Rfe8 24. Ned4 a5 25. Bd3 Bb4 26. Bxe4 dxe4 27. Ne1 Red8 28. Nec2 Bc5 29. Rxa5 Ne5 30. h3 Qf7 31. Rfa1 h6 32. b4 Bb6 33. Ra6 Bxd4 34. Nxd4 Qc4 35. Qc2 Rxd4 36.
Qb2 Qxb4 37. Qxb4 Rxb4 38. Ra8 Rxa8 39. Rxa8+ Kh7 40. Ra7 Nd5 41. Bc5 Rb1+ 42. Kh2 Ng6 43. Bd6 b4 44. h4 b3 45. h5 Ngf4 46. Rb7 Nxh5 47. Bf8 Kg6 48. g4 Ndf4 49. Rxg7+ Nxg7 0-1

[Event "*** SCC Grand Prix: Titled Tuesday Blitz"]
[Site "Chess.com"]
[Date "2020.08.04"]
[Round "8"]
[White "Lenyas66"]
[Black "effefe"]
[Result "0-1"]
[WhiteElo "2485"]
[BlackElo "2168"]
[TimeControl "180+1"]
[EndTime "15:18:05 PDT"]
[Termination "effefe won on time"]

1. e4 c5 2. Nf3 d6 3. Bb5+ Nd7 4. a4 Nf6 5. Nc3 e6 6. a5 Be7 7. O-O O-O 8. Re1 Nb8 9. e5 dxe5 10. Nxe5 Nbd7 11. Nf3 Nb8 12. Qe2 Bd7 13. Ne5 Bxb5 14. Qxb5 Qc7 15. h3 Nbd7 16. Nc4 Rac8 17. d3 Qc6 18. a6 b6 19. Bf4 Rfd8 20. Qxc6 Rxc6 21.
Nb5 Ra8 22. Bg3 Nd5 23. c3 Bf6 24. Ncd6 Nf8 25. Ne4 Bd8 26. Red1 Ng6 27. Ra4 Be7 28. c4 Nb4 29. d4 Bf8 30. d5 exd5 31. cxd5 Rcc8 32. d6 Rd8 33. Nec3 Nc6 34. Nd5 Rd7 35. Ndc7 Rad8 36. Re4 f5 37. Re2 f4 38. Bh2 Bxd6 39. Ne6 Re8 40. Rxd6 Rxd6 41. Nxd6 Re7 42. Nf5 Re8 43. Nfxg7 Re7 44. Nf5 Re8 45. Nh6+ Kh8 0-1

[Event "*** SCC Grand Prix: Titled Tuesday Blitz"]
[Site "Chess.com"]
[Date "2020.08.04"]
[Round "8"]
[White "Gareth-Bale11"]
[Black "VerdeNotte"]
[Result "1-0"]
[WhiteElo "2773"]
[BlackElo "2847"]
[TimeControl "180+1"]
[EndTime "15:18:07 PDT"]
[Termination "Gareth-Bale11 won by resignation"]

1. d4 Nf6 2. c4 c5 3. d5 b5 4. cxb5 a6 5. bxa6 g6 6. Nc3 Bxa6 7. Nf3 d6 8. e4 Bxf1 9. Kxf1 Bg7 10. g3 O-O 11.
Kg2 Nbd7 12. h3 Ra6 13. Re1 Qa8 14. Qc2 Rb8 15. a4 Rb4 16. Bd2 Ne8 17. Ra2 c4 18.
Be3 Ne5 19. Nxe5 Bxe5 20. Rea1 Nc7 21. a5 Qb7 22. Bb6 Na8 23. Na4 e6 24. dxe6 fxe6 25.
Ra3 Nxb6 26. Nxb6 d5 27. exd5 exd5 28. Re1 Rxb2 29. Qa4 Qf7 30. Rf3 Bf6 31. Qc6 Kg7 32. Re6 Rxa5 33. Rexf6 Qe7 34. Nxd5 Qb7 35. Rf7+ Qxf7 36.
Rxf7+ Kxf7 37. Qc7+ Ke6 38. Qxa5 Rb3 39. Ne3 Rd3 40. Qa6+ Ke7 41. Qxc4 Rd7 42. Qg8 Kd6 43. h4 Kc7 44. Qc4+ Kd6 45. Ng4 Re7 46. Nf6 Ke5 47.
Qf4+ Ke6 48. Qg5 Kf7 49. Nxh7 Re6 50. h5 Kg7 51. hxg6 Rxg6 52. Qxg6+ Kxg6 53. Nf8+ Kf7 54. Nd7 1-0

[Event "*** SCC Grand Prix: Titled Tuesday Blitz"]
[Site "Chess.com"]
[Date "2020.08.04"]
[Round "8"]
[White "XDPS"]
[Black "Anton_Demchenko"]
[Result "1-0"]
[WhiteElo "2700"]
[BlackElo "2815"]
[TimeControl "180+1"]
[EndTime "15:18:07 PDT"]
[Termination "XDPS won on time"]

1. e4 c5 2. Nf3 d6 3. d4 cxd4 4.
Nxd4 Nf6 5. Nc3 Nc6 6. Be2 e5 7. Nf3 h6 8. O-O Be7 9. h3 O-O 10. Re1 a6 11. Bf1 Qc7 12. Nd5 Nxd5 13. exd5 Nb8 14.
c4 a5 15. a4 Na6 16. Ra3 Bf5 17. Nh2 Nb4 18. Rg3 Bh4 19. Rf3 Bc2 20. Qd2 f5 21. Ra3 f4 22. Rc3 Bxa4 23. c5 Be7 24. Ng4 Qb8 25.
Bc4 Bd7 26. Nxe5 Bf5 27. Nf3 Bf6 28. Nd4 Bh7 29. cxd6 Qxd6 30. Re6 Qd7 31. Qxf4 Kh8 32. Qg4 Nxd5 33. Rg3 Nc7 34. Rxf6 Qxg4 35. Rxf8+ Rxf8 36. Rxg4 Rc8 37. Be3 a4 38. Ne6 Bf5 39. Nxc7 Bxg4 40. hxg4 Rxc7 41. Bb5 Rc2 42. Bd4 Rc1+ 43. Kh2 Rc2 44.
Bxa4 Rc4 45. Bxg7+ 1-0

[Event "*** SCC Grand Prix: Titled Tuesday Blitz"]
[Site "Chess.com"]
[Date "2020.08.04"]
[Round "8"]
[White "DaggiGretarsson"]
[Black "dopolian"]
[Result "0-1"]
[WhiteElo "2605"]
[BlackElo "2509"]
[TimeControl "180+1"]
[EndTime "15:18:07 PDT"]
[Termination "dopolian won on time"]

1. d4 Nf6 2. c4 c5 3. d5 e6 4. Nc3 exd5 5. cxd5 d6 6. e4 g6 7. Bf4 a6 8. Nf3 Bg7 9. Nd2 b5 10. a4 b4 11. Na2 O-O 12. Qc2 Re8 13. Be2 Qc7 14.
f3 Nfd7 15. Nc4 Ne5 16. Nc1 Nxc4 17. Bxc4 Nd7 18. a5 Ne5 19. Be2 Bd7 20. O-O Bb5 21.
Nb3 Bxe2 22. Qxe2 c4 23. Nd4 Qc5 24. Be3 Ng4 25. Rfd1 Nxe3 26. Qxe3 c3 27. bxc3 bxc3 28. Nc2 Qxe3+ 29. Nxe3 c2 30. Nxc2 Bxa1 31. Rxa1 Rab8 32.
Nd4 Rb2 33. Rd1 Reb8 34. Nc6 Rb1 35. Rf1 Rxf1+ 36. Kxf1 Rb2 37. Ne7+ Kf8 38. Nc8 Rb5 39. Nxd6 Rxa5 40. Ke2 Ra2+ 41. Kd3 Rxg2 42. Nc4 Rxh2 43.
d6 f6 44. Kd4 Kf7 45. Kd5 Rc2 0-1

[Event "*** SCC Grand Prix: Titled Tuesday Blitz"]
[Site "Chess.com"]
[Date "2020.08.04"]
[Round "8"]
[White "eightbyeightchess"]
[Black "NotFischer"]
[Result "1-0"]
[WhiteElo "2435"]
[BlackElo "2206"]
[TimeControl "180+1"]
[EndTime "15:18:07 PDT"]
[Termination "eightbyeightchess won by resignation"]

1. e4 d5 2. exd5 Nf6 3. Bb5+ Nbd7 4. Nc3 a6 5. Ba4 b5 6. Bb3 Bb7 7. Nf3 Nb6 8. O-O Nfxd5 9. d4 e6 10. Nxd5 Bxd5 11. Bxd5 Qxd5 12. c3 Be7 13. Bf4 Rc8 14. Re1 O-O 15. Re5 Qd7 16. Qd3 Nc4 17. Re2 c5 18. a4 cxd4 19. axb5 axb5 20. Qxd4 Rfd8 21. h3 h6 22. Ra7 Qxd4 23. Nxd4 Bc5 24. Nxb5 Bxa7 25.
Nxa7 Ra8 26. Nc6 Rd1+ 27. Kh2 Ra2 28. Re4 Nd2 29. Bxd2 Rxd2 30. b4 Rxf2 31. Rg4 Rac2 32. Rg3 Kf8 33. b5 Rb2 34. Nb4 Ke8 35. Nd3 Rfd2 36.
Nxb2 Rxb2 37. c4 Rb4 38. Rc3 Kd7 39. Kg3 Kd6 40. c5+ Kc7 41. b6+ Kc6 42. Rf3 f5 43.
Rc3 e5 44. Kf3 g5 45. g3 h5 46. Ke3 h4 47. gxh4 Rxh4 48. Kd2 g4 49. hxg4 Rxg4 50.
Rb3 Kb7 51. c6+ Kxc6 52. b7 Rg8 53. b8=Q Rxb8 54. Rxb8 Kd5 55. Ke3 1-0

[Event "*** SCC Grand Prix: Titled Tuesday Blitz"]
[Site "Chess.com"]
[Date "2020.08.04"]
[Round "8"]
[White "Alberquintin"]
[Black "Anna_ChessMate"]
[Result "1-0"]
[WhiteElo "2496"]
[BlackElo "2600"]
[TimeControl "180+1"]
[EndTime "15:18:09 PDT"]
[Termination "Alberquintin won by resignation"]

1. e4 c6 2. d4 d5 3. Nc3 dxe4 4. Nxe4 Nd7 5. Ng5 Ngf6 6. Bd3 e5 7. Bc4 Nd5 8. N1f3 exd4 9. O-O Be7 10. Qxd4 N7f6 11.
Bd3 O-O 12. Re1 h6 13. Ne4 Bf5 14. Ng3 Bxd3 15. Qxd3 Bc5 16. Bd2 Qb6 17. Rf1 Rad8 18. Qb3 Qc7 19. Rad1 Rfe8 20. Bc1 Ng4 21. Qc4 Bxf2+ 22.
Rxf2 Nxf2 23. Kxf2 Qb6+ 24. Qd4 c5 25. Qc4 Qc6 26. Nf5 b5 27. Qg4 Qf6 28. Nxh6+ Kf8 29. Bg5 Ne3 30. Bxe3 Rxd1 31. Bxc5+ Rd6 32. Nf5 Rd8 33.
Nxd6 Kg8 34. Nf5 Qxb2 35. Ne7+ Kf8 36. Nc6+ Kg8 37. Nxd8 Qxc2+ 38. Kg3 Qxc5 39. Qd7 Qc4 40. Qxf7+ Qxf7 41. Nxf7 Kxf7 42. Kf4 Ke6 43. Nd4+ Kd5 44. Nxb5 a5 45. g4 Kc4 46. Nd6+ Kb4 47. h4 a4 48.
h5 Ka3 49. Nb5+ Kb4 50. Nd4 Ka3 51. g5 Kxa2 52. h6 gxh6 53. gxh6 Kb2 54. Nb5 a3 55. Nxa3 Kxa3 56. h7 1-0

[Event "*** SCC Grand Prix: Titled Tuesday Blitz"]
[Site "Chess.com"]
[Date "2020.08.04"]
[Round "8"]
[White "Koalaskakistis"]
[Black "Mazetovic"]
[Result "0-1"]
[WhiteElo "2507"]
[BlackElo "2707"]
[TimeControl "180+1"]
[EndTime "15:18:10 PDT"]
[Termination "Mazetovic won by resignation"]

1. d4 Nf6 2. c4 g6 3. Nc3 Bg7 4. e4 d6 5. Nf3 O-O 6. Be2 Na6 7.
O-O e5 8. dxe5 dxe5 9. b3 Qxd1 10. Rxd1 Re8 11. Bb2 c6 12. a3 Nc5 13. b4 Ncxe4 14. Nxe4 Nxe4 15. c5 Be6 16. Nxe5 Bd5 17. f4 f6 18. Nf3 Nc3 19. Bxc3 Rxe2 20. Rd2 Rae8 21. Rxe2 Rxe2 22. Re1 Bxf3 23. gxf3 Rxe1+ 24. Bxe1 Kf7 25. f5 gxf5 26. Kf2 Ke6 27. Ke3 Bh6+ 28. Kd4 Bf4 29. h3 Be5+ 30. Kd3 Kd5 31. Bf2 a5 32. Be1 a4 33.
Kc2 Kc4 34. Bd2 Bd4 35. Bc1 b6 36. cxb6 Bxb6 37. Bd2 Bd8 38. Bc1 Be7 39. Bd2 c5 40.
bxc5 Bxc5 41. Bc1 f4 42. Bxf4 Bxa3 43. Bd2 Bd6 44. Bc1 f5 45. Be3 a3 46. Kb1 Kd3 47.
Bg5 Ke2 48. Ka2 Kxf3 49. h4 Kg4 50. Bd8 f4 0-1

[Event "*** SCC Grand Prix: Titled Tuesday Blitz"]
[Site "Chess.com"]
[Date "2020.08.04"]
[Round "8"]
[White "ElGasanov"]
[Black "Carnivoras"]
[Result "0-1"]
[WhiteElo "2773"]
[BlackElo "2653"]
[TimeControl "180+1"]
[EndTime "15:18:13 PDT"]
[Termination "Carnivoras won on time"]

1. d4 d5 2. c4 c6 3. Nf3 e6 4.
Qb3 Nf6 5. Bg5 Be7 6. e3 O-O 7. Nc3 Nbd7 8. Rd1 a6 9. a4 h6 10. Bh4 Qc7 11. Be2 dxc4 12. Bxc4 b5 13. Be2 b4 14. Ne4 c5 15. O-O Bb7 16. Nxf6+ Nxf6 17. dxc5 Qxc5 18. Rc1 Qb6 19. Ne5 Bd5 20. Qc2 Qb7 21. Bf3 Rac8 22. Qb1 b3 23. e4 Bxe4 24.
Bxe4 Nxe4 25. Bxe7 Nd2 26. Qa1 Rfe8 27. Rfd1 Ne4 28.
Bh4 Qb4 29. Nf3 Rc2 30. Rd4 Qb7 31. Re1 Nc5 32. Bg3 Qc6 33. Rd6 Qc8 34. Nd4 Rc4 35.
Nc6 Rxa4 36. Qd1 Rc4 37. Ne7+ Rxe7 38. Rd8+ Re8 39. Rxc8 Rxc8 40. h3 a5 41. Qd6 Rc2 42. Qb6 Rxb2 43. Be5 Rc2 44. Qxa5 Nd3 45. Rf1 Nxe5 46.
Qxe5 b2 47. Qb5 Rd2 48. g3 Rc1 0-1

[Event "*** SCC Grand Prix: Titled Tuesday Blitz"]
[Site "Chess.com"]
[Date "2020.08.04"]
[Round "8"]
[White "boasovietica"]
[Black "MVM2008"]
[Result "1-0"]
[WhiteElo "2412"]
[BlackElo "2233"]
[TimeControl "180+1"]
[EndTime "15:18:13 PDT"]
[Termination "boasovietica won by checkmate"]

1. e4 e5 2. Nf3 f5 3. Nxe5 Nf6 4. Bc4 d5 5. exd5 Bd6 6. d4 O-O 7. O-O Nbd7 8. f4 Nb6 9. Bb3 Kh8 10. c4 Be7 11. Nc3 a5 12. a3 a4 13. Ba2 Ne4 14. Qf3 c5 15. Nxe4 fxe4 16. Qxe4 Bf5 17. Qe3 cxd4 18.
Qxd4 Rc8 19. Kh1 Bc5 20. Qc3 Qh4 21. Be3 Rf6 22. Bxc5 Rxc5 23. Qg3 Qh5 24. Rae1 Nd7 25. Qg5 Qe8 26. Nd3 Qf8 27. Nxc5 Nxc5 28. Bb1 Bxb1 29. Rxb1 Ne4 30. Qe5 Nd2 31. Rbe1 Nxf1 32. Rxf1 h6 33. f5 Qc5 34. Qe8+ Kh7 35. Qe4 Qd6 36. h3 b6 37.
Qd4 Qc7 38. Qe4 Qd7 39. Rf3 Qd6 40. Qf4 Qc5 41. Kh2 Qc7 42. Qxc7 Rf7 43. Qf4 Rf6 44. Rg3 b5 45. Qe5 Kg8 46. Qxf6 Kh8 47. Qxg7# 1-0

[Event "*** SCC Grand Prix: Titled Tuesday Blitz"]
[Site "Chess.com"]
[Date "2020.08.04"]
[Round "8"]
[White "guillembaches"]
[Black "elcandado"]
[Result "0-1"]
[WhiteElo "2421"]
[BlackElo "2591"]
[TimeControl "180+1"]
[EndTime "15:18:16 PDT"]
[Termination "elcandado won on time"]

1. e4 d6 2. d4 Nf6 3. f3 h5 4. Be3 c6 5. c4 e5 6. Nc3 Nbd7 7.
Nge2 Be7 8. Qd2 a6 9. a4 a5 10. h4 Qc7 11. Bg5 exd4 12. Nxd4 Nc5 13. Be2 O-O 14.
O-O Ne8 15. Rad1 Qd8 16. Nf5 Bxf5 17. exf5 Qd7 18. Qc2 Bf6 19. Be3 Na6 20. Ne4 Bxh4 21. Ng5 Nb4 22. Qe4 Bg3 23. f4 h4 24. Qf3 Qxf5 25.
Bd4 Nf6 26. Bxf6 Qxf6 27. Ne4 Qxb2 28. Rxd6 Rae8 29. Ng5 Qxe2 30. Qxe2 Rxe2 31. Rd7 b6 32. f5 Nc2 33. f6 gxf6 34. Rxf6 Ne3 35. Ne6 Rxg2+ 36. Kh1 Ng4 37. Rf5 Rh2+ 38. Kg1 Bf2+ 39. Kf1 Rh1+ 40. Ke2 Re1+ 41. Kd2 Rxe6 42. Rg5+ Rg6 43.
Rxg6+ fxg6 44. c5 bxc5 45. Rd6 Kg7 46. Rxc6 h3 47. Rc7+ Rf7 0-1

[Event "*** SCC Grand Prix: Titled Tuesday Blitz"]
[Site "Chess.com"]
[Date "2020.08.04"]
[Round "8"]
[White "peixe64"]
[Black "QuintilianoR"]
[Result "0-1"]
[WhiteElo "2339"]
[BlackElo "2626"]
[TimeControl "180+1"]
[EndTime "15:18:18 PDT"]
[Termination "QuintilianoR won by resignation"]

1. e4 c5 2. Nf3 d6 3. d4 cxd4 4. Nxd4 Nf6 5. Nc3 a6 6. Be2 e5 7. Nb3 Be7 8. O-O O-O 9. Be3 Be6 10. Qd3 Nbd7 11. Nd5 Bxd5 12. exd5 Rc8 13. c4 Ne8 14. Kh1 f5 15. f4 g6 16. Rac1 Nef6 17. Rfd1 Ne4 18.
Bg1 exf4 19. Nd4 Ne5 20. Qb3 Nc5 21. Qh3 Bg5 22. b4 Ne4 23. Ne6 Qf6 24. c5 Rfe8 25. cxd6 Rxc1 26. Rxc1 Nxd6 27. Rc7 Re7 28. Rxe7 Qxe7 29.
Bd4 Ne4 30. Qb3 Bf6 31. d6 Qxd6 32. Bc5 Nxc5 33. bxc5 Qe7 34. Nxf4+ Kg7 35. Nd5 Qf7 36. Nxf6 Qxb3 37. Ne8+ Kf8 38. axb3 Kxe8 39. Kg1 Kd7 40. b4 Kc6 41. Kf2 a5 42. bxa5 Kxc5 43. Ke3 Nc4+ 44.
Kf4 Nxa5 45. Kg5 Nc6 46. Kh6 b5 47. Bxb5 Kxb5 48. Kxh7 Ne5 49. Kg7 Kc5 50. Kf6 Kd4 51.
h4 Ke4 52. g3 f4 53. gxf4 Kxf4 54. Ke6 Nf3 55. Kf6 Nxh4 0-1

[Event "*** SCC Grand Prix: Titled Tuesday Blitz"]
[Site "Chess.com"]
[Date "2020.08.04"]
[Round "8"]
[White "csati17"]
[Black "elohunter1999"]
[Result "1-0"]
[WhiteElo "2606"]
[BlackElo "2478"]
[TimeControl "180+1"]
[EndTime "15:18:29 PDT"]
[Termination "csati17 won by resignation"]

1. c4 Nf6 2. Nc3 e6 3. e4 d5 4. cxd5 exd5 5. e5 Ne4 6. Nf3 Bf5 7. Be2 Be7 8. O-O O-O 9. d3 Nxc3 10. bxc3 c5 11.
d4 c4 12. Ne1 h6 13. f4 Nc6 14.
g4 Be4 15. f5 Bg5 16. Bf3 Bxc1 17. Qxc1 Qg5 18. Qxg5 hxg5 19. Bxe4 dxe4 20. Rb1 Rab8 21.
Nc2 b5 22. Rfe1 a5 23. a3 Ne7 24. Ne3 Rfd8 25. Kf2 b4 26. axb4 axb4 27. Rxb4 Rxb4 28. cxb4 Rxd4 29. Nc2 Rd2+ 30. Re2 Rxe2+ 31. Kxe2 Nd5 32. Ne3 Nxb4 33. Nxc4 Nd5 34. Nd2 e3 35. Nc4 f6 36. e6 g6 37. Nxe3 Ne7 38. Kf3 gxf5 39. gxf5 Kf8 40. Kg4 Nc6 41. Nd5 Ne5+ 42. Kg3 Nc6 43.
Nxf6 Ke7 44. Ne4 Ne5 45. Nxg5 Kf6 46. Nf3 Nd3 47. Nd4 Nc5 48. h4 Nb7 49. h5 Ke5 50. e7 Nd6 51. h6 Kxd4 52. h7 Nxf5+ 53. Kg4 Nh6+ 54. Kh5 Nf7 55. e8=Q Ne5 56. h8=Q Kd5 57. Qhxe5+ 1-0

[Event "*** SCC Grand Prix: Titled Tuesday Blitz"]
[Site "Chess.com"]
[Date "2020.08.04"]
[Round "8"]
[White "AndrewDGreen"]
[Black "serena-maria"]
[Result "1-0"]
[WhiteElo "2395"]
[BlackElo "2257"]
[TimeControl "180+1"]
[EndTime "15:18:29 PDT"]
[Termination "AndrewDGreen won by checkmate"]

1. d4 Nf6 2. Nf3 g6 3. Nc3 d5 4. Bf4 Bg7 5. e3 O-O 6. Be2 c5 7. O-O b6 8. Nb5 Nc6 9. Nc7 Rb8 10. Nb5 Ra8 11. dxc5 bxc5 12. c4 Bb7 13. Nc7 Rc8 14. Nxd5 Nxd5 15. cxd5 Nb4 16. d6 exd6 17. Bxd6 Re8 18.
Rc1 Bxb2 19. Rxc5 Nxa2 20. Rxc8 Bxc8 21. Bb5 Nc3 22. Qb3 Nxb5 23. Qxb5 Bf6 24. Bf4 Bd7 25.
Qa6 Qa8 26. Qxf6 Re6 27. Qd4 Bc6 28. Bh6 f6 29. Rd1 Bxf3 30. Qd8+ Re8 31. Qxa8 Bxa8 32. Rd7 a5 33. Rg7+ Kh8 34. Ra7 Bd5 35. Bg7+ Kg8 36. Bxf6 Ra8 37. Rg7+ Kf8 38. Rxh7 a4 39. Rh8+ Bg8 40.
Rh4 a3 41. Rd4 a2 42. Rd1 Bb3 43. Rc1 Bc2 44. h4 Bb1 45. Ba1 Kf7 46. g3 Ra6 47.
Kg2 Ra4 48. Rc7+ Ke6 49. f3 Rb4 50. Bc3 Rb3 51. Bd4 Rd3 52. Ra7 Rxd4 53. exd4 Kd5 54. Ra4 Kc6 55. Kf2 Kb5 56. Ra7 Kc4 57. Ke3 Kb3 58. d5 Kb2 59. Rb7+ Ka1 60. d6 Bf5 61. d7 g5 62. d8=Q gxh4 63. Qd4# 1-0

[Event "*** SCC Grand Prix: Titled Tuesday Blitz"]
[Site "Chess.com"]
[Date "2020.08.04"]
[Round "8"]
[White "Jospem"]
[Black "Micki-taryan"]
[Result "1/2-1/2"]
[WhiteElo "2941"]
[BlackElo "3054"]
[TimeControl "180+1"]
[EndTime "15:18:30 PDT"]
[Termination "Game drawn - insufficient material"]

1. e4 c6 2. Nc3 d5 3. Nf3 dxe4 4. Nxe4 Nf6 5. Qe2 Nxe4 6. Qxe4 Qa5 7. Qf4 Qf5 8. Qe3 Qe6 9. b3 Qxe3+ 10. fxe3 a5 11.
Bb2 a4 12. O-O-O Bg4 13. Be2 Nd7 14. h3 Bxf3 15. gxf3 e6 16. Kb1 Rg8 17. h4 h5 18. f4 axb3 19. axb3 g6 20. Bf3 Bg7 21. c3 f5 22. Kc2 Nf6 23. b4 Kd7 24. Kb3 Ng4 25.
Ra1 Bf6 26. Rxa8 Rxa8 27. c4 Bxb2 28. Kxb2 Kd6 29. Kb3 e5 30. fxe5+ Kxe5 31. b5 Kd6 32. Be2 cxb5 33. cxb5 Rd8 34. Rc1 Rd7 35. Rc8 Ke6 36. Kc2 Ne5 37. Rg8 Kf6 38. Rc8 g5 39. hxg5+ Kxg5 40. Rh8 Ng4 41. Bf3 b6 42. Rb8 Rd6 43.
Bc6 f4 44. exf4+ Kxf4 45. Rxb6 Ne5 46. Ra6 Rd8 47. Ra4+ Kg3 48. d4 Ng4 49. b6 Rd6 50.
b7 Rxc6+ 51. Kb3 Rb6+ 52. Rb4 Rxb7 53. Rxb7 h4 54. d5 h3 55. d6 h2 56. Rh7 Nf6 57. Rh6 Ne4 58. Rg6+ Kf4 59. Rh6 Kg3 60. Kb4 Nxd6 61.
Rxh2 Kxh2 1/2-1/2